 Dungeon Crawl Stone Soup version 0.29-a0-495-g17b79114eb (webtiles) character file.

Game seed: 10685229352336799316

604 Hubjo the Firebug (level 7, -6/41 HPs)
             Began as a Deep Elf Fire Elementalist on May 27, 2022.
             Mangled by a scorpion (7 damage)
             ... on level 5 of the Dungeon.
             The game lasted 00:07:25 (7075 turns).

Hubjo the Firebug (Deep Elf Fire Elementalist)      Turns: 7075, Time: 00:07:27

Health: -6/41      AC:  4    Str:  5    XL:     7   Next: 18%
Magic:  4/17       EV: 12    Int: 22    God:
Gold:   167        SH:  5    Dex: 15    Spells: 11/16 levels left

rFire   . . .      SeeInvis .   w - +2 hand axe (vorpal)
rCold   . . .      Faith    .   (no shield)
rNeg    . . .      Spirit   .   a - +0 robe
rPois   .          Reflect  +   p - +1 helmet
rElec   .          Harm     .   (no cloak)
rCorr   .          Rampage  .   (no gloves)
Will    .....                   (no boots)
Stlth   +++.......              k - amulet of reflection
HPRegen 0.13/turn               (no ring)
MPRegen 0.15/turn               (no ring)

@: mighty, lethally poisoned (-6 -> -19), very slightly contaminated
A: no striking features
a: no special abilities


You were on level 5 of the Dungeon.
You visited 1 branch of the dungeon, and saw 5 of its levels.

You collected 167 gold pieces.

Inventory:

Hand Weapons
 w - a +2 vorpal hand axe (weapon)
Armour
 a - a +0 robe (worn)
 p - a +1 helmet (worn)
Jewellery
 k - an amulet of reflection (around neck)
 q - a ring of flight
Scrolls
 c - a scroll of fog
 f - 2 scrolls of noise {unknown}
 g - 2 scrolls of amnesia {unknown}
 i - a scroll of vulnerability
 l - 2 scrolls of blinking {unknown}
 m - 3 scrolls of teleportation
 n - a scroll of magic mapping
 o - a scroll of enchant weapon {unknown}
 r - 3 scrolls of immolation
 s - 4 scrolls of enchant armour
 u - a scroll of identify
 v - a scroll of summoning {unknown}
Potions
 b - a potion of magic
 d - 2 potions of degeneration {unknown}
 e - a potion of lignification {unknown}
 h - a potion of might
 j - a potion of heal wounds {unknown}
 t - a potion of curing {unknown}
 x - a potion of ambrosia {unknown}


   Skills:
 + Level 3.5 Fighting
 - Level 2.4 Dodging
 + Level 5.0 Stealth
 + Level 5.3 Spellcasting
 - Level 1.1 Conjurations
 * Level 5.4 Fire Magic


You had 11 spell levels left.
You knew the following spells:

 Your Spells              Type           Power      Damage    Failure   Level
a - Foxfire               Conj/Fire      80%        2x1d8     2%          1
b - Flame Wave            Conj/Fire      20%        2d7       26%         4

Your spell library contained the following spells:

 Spells                   Type           Power      Damage    Failure   Level
 Scorch                   Fire           58%        2d7       1%          2
 Conjure Flame            Conj/Fire      20%        6-21      8%          3
 Inner Flame              Hex/Fire       17%        N/A       10%         3


Dungeon Overview and Level Annotations

Branches:
Dungeon (5/15)
 Temple: D:4-7

Altars:
Okawaru

Shops:
D:1 [   D:4 [

Annotations:
D:4 3 runed translucent doors, jujuben's ghost, amateur GnWz


Message History

The flame wave engulfs the scorpion but does no damage.
The scorpion is heavily wounded.
The flame wave engulfs your foxfire.
Your foxfire completely resists.
The flame wave engulfs the iguana.
You kill the iguana!
You finish channelling waves of flame.
The scorpion completely misses you. The scorpion closely misses you.
Casting: Flame Wave (quite dangerous; 26% risk of failure)
Confirm with . or Enter, or press ? or * to list all spells.
You conjure some foxfire!
The scorpion misses you.
Casting: Foxfire (safe; 2% risk of failure)
Confirm with . or Enter, or press ? or * to list all spells.
You don't know that spell.
You closely miss the scorpion.
The scorpion is heavily wounded.
The foxfire hits the scorpion but does no damage.
The scorpion is heavily wounded.
You block the scorpion's attack.
You hit the scorpion but do no damage.
The scorpion is moderately wounded.
Your foxfire dissipates!
The scorpion stings you.
* * * LOW HITPOINT WARNING * * *
You are poisoned.
The scorpion poisons you! The scorpion misses you.
You hit the scorpion but do no damage.
The scorpion is moderately wounded.
You feel very sick. The scorpion stings you.
* * * LOW HITPOINT WARNING * * *
You are more poisoned.
The scorpion poisons you!
It was a potion of might.
You feel very mighty all of a sudden.
* * * LOW HITPOINT WARNING * * *
You feel very sick.
The scorpion stings you but does no damage.
The scorpion stings you!
You die...

.....)+.....#
....[.#.....#
...##)##...#####
#####)##...##...##
.....[.....+.....#
...<†<.....#.....#
...........#.....#
...........#...s.#
#####.....######@#
###.....###...##
................#
................#
...............##
...............#
.##.##...##.....#
#+ #...##.....#
#...........#


You could see a scorpion.

Vanquished Creatures
  An ogre (D:5)
  A gnoll sergeant (D:5)
  A jelly (D:4)
  An orc priest (D:5)
  3 hounds
  3 iguanas
  2 orc wizards (D:5)
  7 adders
  3 gnolls (D:5)
  A white imp (D:5)
  An ufetubus (D:4)
  4 worms
  2 dart slugs
  7 orcs
  6 bats
  3 endoplasms
  3 giant cockroaches
  6 goblins
  4 hobgoblins
  4 quokkas
  8 ball pythons
  5 frilled lizards
  5 kobolds
  6 rats
87 creatures vanquished.

Vanquished Creatures (collateral kills)
  2 foxfires (D:1)
2 creatures vanquished.

Vanquished Creatures (others)
  624 foxfires
624 creatures vanquished.

Grand Total: 713 creatures vanquished

Notes
Turn   | Place    | Note
-------+----------+-------------------------------------------
     0 | D:1      | Hubjo the Deep Elf Fire Elementalist began the quest for
                  | the Orb.
     0 | D:1      | Reached XP level 1. HP: 10/10 MP: 6/6
   170 | D:1      | Found Kytwuu's Armour Emporium.
   587 | D:1      | Reached XP level 2. HP: 16/16 MP: 5/8
  1466 | D:1      | Found a faded altar of an unknown god.
  1700 | D:2      | Reached skill level 1 in Fighting
  1813 | D:2      | Reached XP level 3. HP: 15/20 MP: 2/9
  2961 | D:2      | Reached XP level 4. HP: 25/26 MP: 7/11
  4001 | D:3      | Reached XP level 5. HP: 21/31 MP: 6/13
  4534 | D:4      | Found an iron altar of Okawaru.
  4928 | D:4      | Found a runed translucent gate.
  4928 | D:4      | Found a runed translucent gate.
  4928 | D:4      | Found a runed translucent gate.
  4929 | D:4      | Noticed jujuben's ghost (amateur GnWz)
  5245 | D:4      | Found Vecwixze's Armour Emporium.
  5509 | D:5      | Entered Level 5 of the Dungeon
  5509 | D:5      | Noticed an ogre
  5520 | D:4      | HP: 1/32 [ufetubus (4)]
  6148 | D:5      | Reached XP level 6. HP: 30/37 MP: 2/15
  6406 | D:4      | Learned a level 4 spell: Flame Wave
  6865 | D:5      | Reached skill level 5 in Spellcasting
  6868 | D:5      | Reached skill level 5 in Fire Magic
  6943 | D:5      | Reached XP level 7. HP: 33/41 MP: 8/16
  7010 | D:5      | Reached skill level 5 in Stealth
  7075 | D:5      | HP: 1/41 [poisoned by a scorpion]
  7075 | D:5      | Mangled by a scorpion

Illustrated notes

Levels and vault maps discovered:
D:1:      minmay_arrival_glassed_features, layout_basic,
          dilly_ecumenical_altar_fadedgnrine, serial_shops, shop_statue,
          amethyst_killhole
D:2:      minmay_chambers_of_twos, layout_basic
D:3:      layout_basic
D:4:      layout_basic, mainiacjoe_overflow_cross_hatched, serial_shops,
          nicolae_shop_trees, ebering_ghost_rock_garden
D:5:      layout_gridville, gammafunk_temple_overflow_pools,
          nicolae_fountain_basement

Skill      XL: |  1  2  3  4  5  6  7 |
---------------+----------------------+-----
Fighting       | 1 2 3 |  3.5
Stealth        | 3 4 5 |  5.0
Spellcasting   | 4 5 |  5.3
Fire Magic     | 4 5 |  5.4
Dodging        | |  2.4
Conjurations   | |  1.1

Action                   |  1- 3 |  4- 6 |  7- 9 || total
-------------------------+-------+-------+-------++-------
Melee: Unarmed           |     1 |    16 |       ||    17
       Hand axe          |       |       |     3 ||     3
 Cast: Foxfire           |   138 |   210 |    10 ||   358
       Flame Wave        |       |       |     1 ||     1
  Use: Scroll            |       |     6 |       ||     6
       Potion            |       |       |     1 ||     1
Armor: Robe              |     2 |    11 |     3 ||    16
Dodge: Dodged            |     3 |    35 |     6 ||    44
Block: Other             |     2 |    13 |     3 ||    18

Table legend: (Time is in decaauts)
 A = Elapsed time spent in this place.
 B = Non-inter-level travel time spent in this place.
 C = Inter-level travel time spent in this place.
 D = Time resting spent in this place.
 E = Time spent auto-exploring this place.
 F = Levels seen in this place.
 G = Mean time per level.
                   A        B        C        D        E       F      G
               +--------+--------+--------+--------+--------+-----+--------+
         Total |   7077 |   6821 |    256 |   1156 |   4977 |   5 | 1415.4 |
       Dungeon |   7077 |   6821 |    256 |   1156 |   4977 |   5 | 1415.4 |
               +--------+--------+--------+--------+--------+-----+--------+

Top non-repeatable levels by time:
     D:4: 2233 daAuts
     D:2: 1701 daAuts
     D:1: 1697 daAuts
     D:3: 1118 daAuts
     D:5: 326 daAuts
